 Dungeon Crawl Stone Soup version 0.28-a0-1429-gf3d713df7a (webtiles) character file.

Game seed: 2491856632172897166

63 Hasart the Sneak (level 4, -1/24 HPs)
             Began as a Kobold Enchanter on Jan 8, 2022.
             Succumbed to a kobold's poison
             ... on level 2 of the Dungeon.
             The game lasted 00:02:16 (2970 turns).

Hasart the Sneak (Kobold Enchanter)                 Turns: 2970, Time: 00:02:17

Health: -1/24      AC:  2    Str:  5    XL:     4   Next: 30%
Magic:  3/7        EV: 15    Int: 18    God:
Gold:   79         SH:  0    Dex: 15    Spells: 6/8 levels left

rFire   . . .      SeeInvis .   a - +1 dagger
rCold   . . .      Faith    .   (no shield)
rNeg    . . .      Spirit   .   b - +0 robe
rPois   .          Reflect  .   (no helmet)
rElec   .          Harm     .   (no cloak)
rCorr   .          Rampage  .   (no gloves)
Will    .....                   (no boots)
Stlth   ++++......              (no amulet)
HPRegen 0.08/turn               (no ring)
MPRegen 0.10/turn               (no ring)

@: lethally poisoned (-1 -> -21)
A: small, no large weapons, nightstalker 3
a: no special abilities


You were on level 2 of the Dungeon.
You visited 1 branch of the dungeon, and saw 2 of its levels.

You collected 79 gold pieces.

Inventory:

Hand Weapons
 a - a +1 dagger (weapon)
Missiles
 e - 4 poisoned darts (quivered)
Armour
 b - a +0 robe (worn)
Scrolls
 d - a scroll of brand weapon {unknown}
 g - a scroll of enchant weapon {unknown}
 h - a scroll of summoning {unknown}
Potions
 c - a potion of invisibility
 f - a potion of attraction {unknown}
 i - a potion of mutation {unknown}


   Skills:
 + Level 2.1 Short Blades
 + Level 1.2 Throwing
 + Level 2.9 Dodging
 + Level 4.4 Stealth
 + Level 2.5 Spellcasting
 * Level 3.7 Hexes


You had 6 spell levels left.
You knew the following spells:

 Your Spells              Type           Power      Damage    Failure   Level
a - Ensorcelled Hibernat  Hex/Ice        16%        N/A       12%         2

Your spell library contained the following spells:

 Spells                   Type           Power      Damage    Failure   Level
 Confusing Touch          Hex            15%        N/A       11%         3
 Tukima's Dance           Hex            15%        N/A       11%         3
 Dazzling Flash           Conj/Hex       16%        N/A       24%         3


Dungeon Overview and Level Annotations

Branches:
Dungeon (2/15)

Altars:
Makhleb


Innate Abilities, Weirdness & Mutations

You are small and have problems with some larger weapons.
You are completely attuned to the shadows.


Message History

Aiming: Ensorcelled Hibernation (safe; 12% risk of failure)
Press: ? - help, Shift-Dir - straight line, f - quokka
Aim: a quokka (severely wounded, chance to affect: 59%)
The quokka looks drowsy...
The helpless quokka fails to defend itself.
You puncture the quokka!
You kill the quokka!
Found a +0 dagger.
You see here a +0 dagger.
A kobold is nearby!
The kobold shouts!
You miss the kobold.
The kobold hits you with a +3 dagger of venom!
You hit the kobold.
The kobold is moderately wounded.
The kobold hits you with a +3 dagger of venom.
You are poisoned.
Casting: Ensorcelled Hibernation (safe; 12% risk of failure)
Confirm with . or Enter, or press ? or * to list all spells.
Aiming: Ensorcelled Hibernation (safe; 12% risk of failure)
Press: ? - help, Shift-Dir - straight line, f - kobold
Aim: a kobold, wielding a +3 dagger of venom and quivering stones (moderately wounded, chance to affect: 59%)
The kobold resists with significant effort.
You feel very sick.
The kobold hits you with a +3 dagger of venom.
You are more poisoned.
Unknown command.
Unknown command.
Casting: Ensorcelled Hibernation (safe; 12% risk of failure)
Confirm with . or Enter, or press ? or * to list all spells.
Aiming: Ensorcelled Hibernation (safe; 12% risk of failure)
Press: ? - help, Shift-Dir - straight line, f/p - kobold
Aim: a kobold, wielding a +3 dagger of venom and quivering stones (moderately wounded, chance to affect: 59%)
The kobold looks drowsy...
* * * LOW HITPOINT WARNING * * *
You feel very sick.
The helpless kobold fails to defend itself.
You impale the kobold!!
You kill the kobold!
You die...

#.##### #.# #.. #### #.#
#.# ..# #.###.# ####### #.#
#......
#.....###.####......
#.....##.)..........
#...................
#..@..##..##..#.....
#.....)...##..##..#.....
#..........#..##..#.....
#......................#
#.......[..#..##..####.#
#.............##..# #..
######.#...###.###>.# ###
##.####.##.####.# #..# #
#.......##...##.###..######


There were no monsters in sight!

Vanquished Creatures
  2 adders (D:2)
  2 endoplasms
  A giant cockroach (D:1)
  5 goblins
  3 hobgoblins
  4 jackals (D:2)
  3 kobolds (D:2)
  5 quokkas
  2 ball pythons
  8 bats
  5 rats
40 creatures vanquished.

Notes
Turn   | Place    | Note
-------+----------+-------------------------------------------
     0 | D:1      | Hasart the Kobold Enchanter began the quest for the Orb.
     0 | D:1      | Reached XP level 1. HP: 10/10 MP: 3/3
   640 | D:1      | Reached XP level 2. HP: 15/15 MP: 5/5
  1593 | D:2      | Found a burning altar of Makhleb.
  1607 | D:2      | Learned a level 2 spell: Ensorcelled Hibernation
  1742 | D:2      | Reached XP level 3. HP: 19/19 MP: 6/6
  2261 | D:2      | Reached skill level 1 in Throwing
  2463 | D:2      | Reached XP level 4. HP: 24/24 MP: 7/7
  2665 | D:2      | Found a faded altar of an unknown god.
  2970 | D:2      | Succumbed to a kobold's poison

Illustrated notes

Levels and vault maps discovered:
D:1:      lightli_arrival_chessboard, layout_rooms, serial_co_window_serial,
          co_window_of_opportunity_a, co_window_cross_1, co_window_corner_a,
          co_window_paths_a, co_window_paths_a, co_window_broadway_b,
          co_window_broadway_b, co_window_broadway_b, co_window_cross_2,
          co_window_2corner, co_window_cross_3, glass_columns_b,
          glass_columns_b, glass_columns_a, glass_columns_a, glass_columns_c,
          minmay_misc_feat_cross
D:2:      layout_loops_ring, basic_altar, basic_ecumenical_altar

Skill      XL: |  1  2  3 |
---------------+----------+-----
Short Blades   | 2 |  2.1
Throwing       | 1 |  1.2
Dodging        | |  2.9
Stealth        | |  4.4
Spellcasting   | |  2.5
Hexes          | |  3.7

Action                   |  1- 3 |  4- 6 || total
-------------------------+-------+-------++-------
Melee: Dagger            |   109 |    30 ||   139
       Punch             |     1 |       ||     1
 Cast: Ensorcelled Hiber |     5 |     3 ||     8
 Stab: Sleeping          |    19 |     3 ||    22
Armor: Robe              |    22 |     2 ||    24
Dodge: Dodged            |    82 |    16 ||    98

Table legend: (Time is in decaauts)
 A = Elapsed time spent in this place.
 B = Non-inter-level travel time spent in this place.
 C = Inter-level travel time spent in this place.
 D = Time resting spent in this place.
 E = Time spent auto-exploring this place.
 F = Levels seen in this place.
 G = Mean time per level.
                   A        B        C        D        E       F      G
               +--------+--------+--------+--------+--------+-----+--------+
         Total |   2958 |   2925 |     33 |      0 |   2591 |   2 | 1479.0 |
       Dungeon |   2958 |   2925 |     33 |      0 |   2591 |   2 | 1479.0 |
               +--------+--------+--------+--------+--------+-----+--------+

Top non-repeatable levels by time:
     D:1: 1568 daAuts
     D:2: 1389 daAuts
